Atomiques vs Carnivores
Created - December 5, 2017 at 19:13
Goals
|
Atomiques |
2 |
3 |
1 |
1 |
7 |
Carnivores |
2 |
2 |
2 |
0 |
6 |
|
Shots
|
Atomiques |
10 |
19 |
6 |
2 |
37 |
Carnivores |
11 |
11 |
10 |
0 |
32 |
|
1st period
1. Carnivores , Brendan Gallagher 7 (Zack Smith 3) at 2:26
2. Carnivores , Markus Granlund 5 (Nate Schmidt 5, Nicolas Kerdiles 3) at 12:00
3. Atomiques , Shayne Gostisbehere 5 (Dwight King 7, Tyler Brenner 15) at 16:31 (PP)
4. Atomiques , Corey Tropp 7 (Steve McCarthy 7, Tyler Brenner 16) at 18:08
Penalties :
Josh Manson (Bre) for Diving (Minor) at 16:28
2nd period
5. Atomiques , Marc-André Cliche 8 (Jonas Junland 8, Sergei Bobrovsky) at 1:18
6. Carnivores , Nicolas Kerdiles 7 (Brendan Gallagher 12, Bobby Sanguinetti 7) at 12:59
7. Carnivores , Jeremy Welsh 5 (Chris Lawrence 13) at 13:47
8. Atomiques , Brock McGinn 3 (Tyler Brenner 17, Corey Tropp 7) at 14:18
9. Atomiques , Brett Sutter 10 (Steve McCarthy 8, Kenndal McArdle 13) at 15:19
Penalties :
Mark McNeill (Bre) for High sticking (Minor) at 3:09, Zack Smith (Bre) for Elbowing (Minor) at 8:33, Nate Schmidt (Bre) for Holding (Minor) at 17:59
3rd period
10. Carnivores , Scott Laughton 7 (Nate Schmidt 6, Adam Pelech 6) at 1:47 (PP)
11. Atomiques , Marc-André Cliche 9 (Dwight King 8) at 3:12
12. Carnivores , Scott Laughton 8 (Chris Lawrence 14) at 5:27
Penalties :
Brock McGinn (STB) for Hooking (Minor) at 0:33, Nicolas Kerdiles (Bre) for Slashing (Double Minor) at 6:28, Corey Tropp (STB) for Goalie Interference (Minor) at 18:03
Overtime #1
13. Atomiques , Andreas Engqvist 4 (Steve McCarthy 9) at 3:41 (SH)
Penalties :
Davis Drewiske (STB) for Holding (Minor) at 3:03
Goalie Stats
Sergei Bobrovsky (STB), 26 saves from 32 shots - (0.813), W, 13-0-1, 63:41 minutes
Antti Raanta (Bre), 30 saves from 37 shots - (0.811), OTL, 6-4-2, 63:41 minutes
Players Stats for Atomiques
Player Name G A P +/- PIM S H SB GA TA FO MP PP MP PK MP
------------------------------------------------------------------------------------
Andreas Engqvist 1 0 1 1 0 2 1 1 0 0 1/3 7:33 0:00 0:32
Andrew Kozek 0 0 0 0 0 0 0 2 0 0 0/0 9:36 1:04 0:32
Bobby Farnham 0 0 0 0 0 2 2 0 0 0 1/1 17:20 4:21 0:00
Brett Sutter 1 0 1 2 0 2 4 0 0 0 5/7 11:55 0:55 0:11
Brock McGinn 1 0 1 -2 2 1 2 1 0 0 0/0 16:54 0:00 0:00
Colby Cohen 0 0 0 0 0 0 0 2 0 0 0/0 11:15 0:18 0:25
Corey Tropp 1 1 2 -2 2 5 3 0 2 0 0/0 21:50 4:35 0:00
Davis Drewiske 0 0 0 0 2 0 1 1 0 1 0/0 17:13 0:18 1:41
Dwight King 0 2 2 0 0 6 1 1 2 0 1/1 21:08 5:01 1:59
Jonas Junland 0 1 1 0 0 1 0 0 0 0 0/0 22:43 4:56 1:44
Kenndal McArdle 0 1 1 2 0 4 0 2 1 0 0/1 15:41 4:25 0:39
Kyle Wharton 0 0 0 0 0 1 0 2 0 1 0/0 22:43 4:56 1:44
Marc-André Cliche 2 0 2 0 0 6 0 0 0 1 15/25 18:51 4:25 0:39
Max McCormick 0 0 0 0 0 0 0 0 0 0 0/0 7:16 0:33 0:00
Mitch Callahan 0 0 0 2 0 0 0 0 0 0 0/0 10:12 0:00 0:00
Shayne Gostisbehere 1 0 1 0 0 2 0 2 0 2 0/0 23:19 4:45 0:00
Steve McCarthy 0 3 3 2 0 2 3 1 1 0 0/0 30:08 4:45 2:06
Tyler Brenner 0 3 3 -2 0 3 2 0 1 3 13/42 25:14 4:38 2:28
Players Stats for Carnivores
Player Name G A P +/- PIM S H SB GA TA FO MP PP MP PK MP
------------------------------------------------------------------------------------
Adam Pelech 0 1 1 -2 0 0 2 0 0 0 0/0 22:13 0:56 0:10
Alexandre Mallet 0 0 0 0 0 0 0 0 0 1 0/0 6:46 0:00 0:49
Blake Geoffrion 0 0 0 0 0 3 0 0 2 0 1/1 18:10 1:38 0:00
Bobby Sanguinetti 0 1 1 -1 0 1 1 1 0 1 0/0 11:46 1:38 0:00
Brendan Gallagher 1 1 2 -1 0 6 0 1 3 0 5/5 24:52 1:38 4:52
Chris Lawrence 0 2 2 1 0 2 0 1 0 1 2/4 18:26 1:32 2:56
David Schlemko 0 0 0 1 0 1 2 1 0 0 0/0 22:06 1:38 5:07
Frederic St-Denis 0 0 0 0 0 0 0 1 0 0 0/0 5:44 0:00 0:00
Jeremy Welsh 1 0 1 1 0 2 1 0 1 0 2/2 13:27 0:00 0:00
Josh Manson 0 0 0 0 2 0 0 0 0 1 0/0 13:53 0:36 4:25
Mark Jankowski 0 0 0 0 0 2 1 0 0 0 0/1 9:20 0:19 2:13
Mark MacMillan 0 0 0 0 0 0 0 0 0 0 1/1 5:56 0:00 0:00
Mark McNeill 0 0 0 -1 2 1 0 1 1 0 0/0 10:54 0:00 0:00
Markus Granlund 1 0 1 -1 0 4 1 0 0 1 3/6 11:54 0:00 0:14
Mattias Backman 0 0 0 0 0 0 0 0 0 0 0/0 6:34 0:00 0:49
Nate Schmidt 0 2 2 2 2 1 1 0 0 1 0/0 20:25 1:32 4:03
Nicolas Kerdiles 1 1 2 -1 4 3 1 0 0 0 0/0 13:59 1:13 1:22
Sasha Pokulok 0 0 0 -2 0 3 1 0 0 0 0/0 24:39 0:00 5:24
Scott Laughton 2 0 2 1 0 2 4 1 0 0 6/24 21:16 1:32 5:16
Zack Smith 0 1 1 -1 2 1 0 1 1 1 24/36 22:20 1:38 2:16
3 Stars
1 - Scott Laughton (Bre)
2 - Steve McCarthy (STB)
3 - Marc-André Cliche (STB)
Power Play
Atomiques - 1 on 6 Attempt(s) - 16.67%
Carnivores - 1 on 3 Attempt(s) - 33.33%
Penalty Kill
Atomiques - 2 on 3 Attempt(s) - 66.67%
- Score 1 goal in Penalty Kill
Carnivores - 5 on 6 Attempt(s) - 83.33%
- Score 0 goal in Penalty Kill
Team Stat
Atomiques - Hits : 19 - Faceoff Wins : 36 - Blocked Shots : 15 - Penalty Minutes : 6
Carnivores - Hits : 15 - Faceoff Wins : 44 - Blocked Shots : 8 - Penalty Minutes : 12
Official
Referees : Walkom Stephen and Fraser Kerry
Linesman : Scott Cherrey and Jonny Murray
Game Notes
No Game Note
Finance
Level 1 -- Attendance: 1478 (73.90%) -- Ticket Income $59,120
Level 2 -- Attendance: 719 (71.90%) -- Ticket Income $14,380
Total Attendance: 2197 (73.23%)
Total Ticket Income: $73,500
Other Income: $3,675
Total Income: $77,175
Atomiques
5 vs 5 Forward
Center Left Wing Right Wing Time % Phy DF OF
1 Tyler Brenner Brock McGinn Corey Tropp 40 1 2 2
2 Marc-André Cliche Dwight King Bobby Farnham 30 1 2 2
3 Brett Sutter Kenndal McArdle Mitch Callahan 20 1 2 2
4 Andreas Engqvist Andrew Kozek Max McCormick 10 1 2 2
5 vs 5 Defense
Defense Defense Time % Phy DF OF
1 Steve McCarthy Shayne Gostisbehere 40 1 2 2
2 Kyle Wharton Jonas Junland 30 1 2 2
3 Davis Drewiske Colby Cohen 20 1 2 2
4 Steve McCarthy Davis Drewiske 10 1 2 2
PowerPlay Forward
Center Left Wing Right Wing Time % Phy DF OF
1 Tyler Brenner Dwight King Corey Tropp 60 1 2 2
2 Marc-André Cliche Kenndal McArdle Bobby Farnham 40 1 2 2
PowerPlay Defense
Defense Defense Time % Phy DF OF
1 Steve McCarthy Shayne Gostisbehere 60 1 2 2
2 Kyle Wharton Jonas Junland 40 1 2 2
Penalty Kill 4 Players Forward
Center Wing Time % Phy DF OF
1 Tyler Brenner Dwight King 60 1 2 2
2 Kenndal McArdle Marc-André Cliche 40 1 2 2
Penalty Kill 4 Players Defense
Defense Defense Time % Phy DF OF
1 Steve McCarthy Davis Drewiske 60 1 2 2
2 Kyle Wharton Jonas Junland 40 1 2 2
Penalty Kill - 3 Players Forward
Forward Time % Phy DF OF
1 Tyler Brenner 60 1 2 2
2 Dwight King 40 1 2 2
Penalty Kill - 3 Players Defense
Defense Defense Time % Phy DF OF
1 Steve McCarthy Davis Drewiske 60 1 2 2
2 Kyle Wharton Jonas Junland 40 1 2 2
4 vs 4 Forward
Center Wing Time % Phy DF OF
1 Tyler Brenner Dwight King 60 1 2 2
2 Kenndal McArdle Marc-André Cliche 40 1 2 2
4 vs 4 Defense
Defense Defense Time % Phy DF OF
1 Steve McCarthy Davis Drewiske 60 1 2 2
2 Kyle Wharton Jonas Junland 40 1 2 2
Last Minutes Offensive
Center Left Wing Right Wing Defense Defense
Tyler Brenner Dwight King Corey Tropp Steve McCarthy Davis Drewiske
Last Minutes Defensive
Center Left Wing Right Wing Defense Defense
Tyler Brenner Dwight King Corey Tropp Steve McCarthy Davis Drewiske
Goaltenders
Starting : Sergei Bobrovsky
Backup : Jeremy Smith
Extra Forwards
Normal : Andrew Kozek, Brett Sutter, Andreas Engqvist - PP : Andrew Kozek, Brett Sutter - PK : Andreas Engqvist
Extra Defensemen
Normal : Shayne Gostisbehere, Colby Cohen, Kyle Wharton - PP : Shayne Gostisbehere - PK : Colby Cohen, Kyle Wharton
Penalty Shots
Tyler Brenner, Dwight King, Kenndal McArdle, Marc-André Cliche, Andrew Kozek
Scratches
Darren Kramer (Healthy), Mike Halmo (Healthy), John Draeger (Healthy), Joseph Cramarossa (Healthy), Fredrik Claesson (Healthy)
Eric Gustafsson (Healthy), Anthony Nigro (Healthy), Eric Mestery (Healthy)
Carnivores
5 vs 5 Forward
Center Left Wing Right Wing Time % Phy DF OF
1 Zack Smith Blake Geoffrion Brendan Gallagher 40 1 2 2
2 Scott Laughton Jeremy Welsh Chris Lawrence 30 1 2 2
3 Markus Granlund Nicolas Kerdiles Mark McNeill 20 1 2 2
4 Mark Jankowski Alexandre Mallet Mark MacMillan 10 1 2 2
5 vs 5 Defense
Defense Defense Time % Phy DF OF
1 Sasha Pokulok Adam Pelech 40 1 2 2
2 Nate Schmidt David Schlemko 30 1 2 2
3 Josh Manson Bobby Sanguinetti 20 3 2 0
4 Mattias Backman Frederic St-Denis 10 1 2 2
PowerPlay Forward
Center Left Wing Right Wing Time % Phy DF OF
1 Zack Smith Blake Geoffrion Brendan Gallagher 60 1 2 2
2 Scott Laughton Nicolas Kerdiles Chris Lawrence 40 1 2 2
PowerPlay Defense
Defense Defense Time % Phy DF OF
1 Nate Schmidt Adam Pelech 60 1 2 2
2 Bobby Sanguinetti David Schlemko 40 1 2 2
Penalty Kill 4 Players Forward
Center Wing Time % Phy DF OF
1 Scott Laughton Brendan Gallagher 60 1 2 2
2 Zack Smith Chris Lawrence 40 1 2 2
Penalty Kill 4 Players Defense
Defense Defense Time % Phy DF OF
1 Nate Schmidt Sasha Pokulok 60 1 2 2
2 David Schlemko Josh Manson 40 1 2 2
Penalty Kill - 3 Players Forward
Forward Time % Phy DF OF
1 Chris Lawrence 60 1 2 2
2 Brendan Gallagher 40 1 2 2
Penalty Kill - 3 Players Defense
Defense Defense Time % Phy DF OF
1 Nate Schmidt Sasha Pokulok 60 1 2 2
2 David Schlemko Josh Manson 40 1 2 2
4 vs 4 Forward
Center Wing Time % Phy DF OF
1 Zack Smith Brendan Gallagher 60 1 2 2
2 Scott Laughton Chris Lawrence 40 1 2 2
4 vs 4 Defense
Defense Defense Time % Phy DF OF
1 Nate Schmidt Adam Pelech 60 1 2 2
2 Bobby Sanguinetti David Schlemko 40 1 2 2
Last Minutes Offensive
Center Left Wing Right Wing Defense Defense
Scott Laughton Blake Geoffrion Brendan Gallagher Bobby Sanguinetti Adam Pelech
Last Minutes Defensive
Center Left Wing Right Wing Defense Defense
Zack Smith Blake Geoffrion Brendan Gallagher Nate Schmidt Sasha Pokulok
Goaltenders
Starting : Antti Raanta
Backup : Daniel Altshuller
Extra Forwards
Normal : Mark Jankowski, Markus Granlund, Scott Laughton - PP : Mark Jankowski, Markus Granlund - PK : Scott Laughton
Extra Defensemen
Normal : Josh Manson, David Schlemko, Mattias Backman - PP : Josh Manson - PK : David Schlemko, Mattias Backman
Penalty Shots
Chris Lawrence, Brendan Gallagher, Blake Geoffrion, Scott Laughton, Jeremy Welsh
Scratches
Colton Orr (Right Eye Injury), Adam Almquist (Healthy), Mat Clark (Bruised Right Shoulder Injury), Stanislav Galiev (Healthy), Tyler Graovac (Healthy)
Patrick McNeill (Healthy), Troy Bourke (Healthy), Michael Schumacher (Healthy), Mike McKenna (Healthy)
% Time on Ice - Atomiques
Lines # - Real PCT - Wanted PCT - Time Play
Normal Forward
1 - 36% - 40% - 16:57
2 - 28% - 30% - 12:59
3 - 22% - 20% - 10:12
4 - 14% - 10% - 6:43
Normal Defense
1 - 41% - 40% - 19:13
2 - 31% - 30% - 14:44
3 - 21% - 20% - 9:53
4 - 6% - 10% - 3:01
PP Forward
1 - 56% - 60% - 5:34
2 - 44% - 40% - 4:25
PP Defense
1 - 51% - 60% - 5:03
2 - 49% - 40% - 4:56
PK Forward
1 - 79% - 60% - 2:31
2 - 21% - 40% - 0:39
PK Defense
1 - 62% - 60% - 1:57
2 - 38% - 40% - 1:13
PK3 Forward
1 - 100% - 60% - 0:40
2 - 0% - 40% - 0:00
PK3 Defense
1 - 23% - 60% - 0:09
2 - 78% - 40% - 0:31
44 Forward
1 - 73% - 60% - 2:13
2 - 27% - 40% - 0:48
44 Defense
1 - 56% - 60% - 1:42
2 - 44% - 40% - 1:19
Last Minute Offensive - 0:00
Last Minute Defensive - 0:00
Total
Forward - 63:41
Defense - 63:41
|
% Time on Ice - Carnivores
Lines # - Real PCT - Wanted PCT - Time Play
Normal Forward
1 - 35% - 40% - 16:33
2 - 29% - 30% - 13:27
3 - 23% - 20% - 10:55
4 - 13% - 10% - 5:56
Normal Defense
1 - 41% - 40% - 19:16
2 - 29% - 30% - 13:32
3 - 18% - 20% - 8:19
4 - 12% - 10% - 5:44
PP Forward
1 - 52% - 60% - 1:38
2 - 48% - 40% - 1:32
PP Defense
1 - 48% - 60% - 1:32
2 - 52% - 40% - 1:38
PK Forward
1 - 71% - 60% - 7:03
2 - 29% - 40% - 2:56
PK Defense
1 - 57% - 60% - 5:42
2 - 43% - 40% - 4:17
PK3 Forward
1 - 0% - 60%
2 - 0% - 40%
PK3 Defense
1 - 0% - 60%
2 - 0% - 40%
44 Forward
1 - 86% - 60% - 3:10
2 - 14% - 40% - 0:31
44 Defense
1 - 51% - 60% - 1:52
2 - 49% - 40% - 1:49
Last Minute Offensive - 0:00
Last Minute Defensive - 0:00
Total
Forward - 63:41
Defense - 63:41
|
Play by Play
1st period
0:01 of 1st period - Zack Smith wins face-off versus Tyler Brenner in neutral zone.
0:14 of 1st period - Snap shot by Tyler Brenner.
0:14 of 1st period - Deflect By Corey Tropp.
0:14 of 1st period - Shot Misses the Net.
0:14 of 1st period - Puck is out of play.
0:15 of 1st period - Marc-André Cliche wins face-off versus Scott Laughton in Carnivores zone.
1:03 of 1st period - Wrist shot by Mark McNeill.
1:03 of 1st period - Shot Blocked by Colby Cohen.
2:09 of 1st period - Steve McCarthy is hit by Adam Pelech and loses puck.
2:14 of 1st period - Slapshot by Markus Granlund.
2:14 of 1st period - Stopped by Sergei Bobrovsky without a rebound.
2:15 of 1st period - Zack Smith wins face-off versus Tyler Brenner in Atomiques zone.
2:26 of 1st period - Wrist shot by Brendan Gallagher.
2:26 of 1st period - Goal by Brendan Gallagher - Atomiques : 0 - Carnivores : 1.
2:27 of 1st period - Zack Smith wins face-off versus Tyler Brenner in neutral zone.
3:40 of 1st period - Snap shot by Brendan Gallagher.
3:40 of 1st period - Shot Misses the Net.
4:09 of 1st period - Icing by Tyler Brenner.
4:10 of 1st period - Tyler Brenner wins face-off versus Zack Smith in Atomiques zone.
4:15 of 1st period - Snap shot by Brendan Gallagher.
4:15 of 1st period - Stopped by Sergei Bobrovsky without a rebound.
4:16 of 1st period - Marc-André Cliche wins face-off versus Zack Smith in Atomiques zone.
5:50 of 1st period - Wrist shot by Andreas Engqvist.
5:50 of 1st period - Deflect By Dwight King.
5:50 of 1st period - Shot Misses the Net.
5:50 of 1st period - Puck is out of play.
5:51 of 1st period - Marc-André Cliche wins face-off versus Scott Laughton in Carnivores zone.
6:02 of 1st period - Wrist shot by Marc-André Cliche.
6:02 of 1st period - Shot Blocked by Frederic St-Denis.
6:39 of 1st period - Wrist shot by Mark Jankowski.
6:39 of 1st period - Shot Blocked by Davis Drewiske.
6:44 of 1st period - Icing by Mitch Callahan.
6:45 of 1st period - Zack Smith wins face-off versus Brett Sutter in Atomiques zone.
7:06 of 1st period - Wrist shot by Kenndal McArdle.
7:06 of 1st period - Stopped by Antti Raanta with a rebound.
7:40 of 1st period - Snap shot by Brett Sutter.
7:40 of 1st period - Stopped by Antti Raanta without a rebound.
7:41 of 1st period - Tyler Brenner wins face-off versus Scott Laughton in Carnivores zone.
7:42 of 1st period - Wrist shot by Corey Tropp.
7:42 of 1st period - Stopped by Antti Raanta with a rebound.
8:14 of 1st period - Slapshot by Jeremy Welsh.
8:14 of 1st period - Stopped by Sergei Bobrovsky without a rebound.
8:15 of 1st period - Markus Granlund wins face-off versus Marc-André Cliche in Atomiques zone.
8:16 of 1st period - Snap shot by Mark McNeill.
8:16 of 1st period - Stopped by Sergei Bobrovsky without a rebound.
8:17 of 1st period - Bobby Farnham wins face-off versus Markus Granlund in Atomiques zone.
9:18 of 1st period - Icing by Adam Pelech.
9:19 of 1st period - Marc-André Cliche wins face-off versus Zack Smith in Carnivores zone.
10:10 of 1st period - Wrist shot by Markus Granlund.
10:10 of 1st period - Shot Blocked by Steve McCarthy.
10:12 of 1st period - Wrist shot by David Schlemko.
10:12 of 1st period - Stopped by Sergei Bobrovsky without a rebound.
10:13 of 1st period - Markus Granlund wins face-off versus Brett Sutter in Atomiques zone.
10:20 of 1st period - Slapshot by Markus Granlund.
10:20 of 1st period - Stopped by Sergei Bobrovsky with a rebound.
10:49 of 1st period - Slapshot by Kenndal McArdle.
10:49 of 1st period - Shot Misses the Net.
11:29 of 1st period - Kenndal McArdle is hit by Nicolas Kerdiles and loses puck.
11:43 of 1st period - Icing by Nicolas Kerdiles.
11:44 of 1st period - Markus Granlund wins face-off versus Tyler Brenner in Carnivores zone.
11:56 of 1st period - Snap shot by Mark McNeill.
11:56 of 1st period - Shot Misses the Net.
11:58 of 1st period - Slapshot by Nicolas Kerdiles.
11:58 of 1st period - Stopped by Sergei Bobrovsky with a rebound.
12:00 of 1st period - Slapshot by Nate Schmidt.
12:00 of 1st period - Deflect By Markus Granlund.
12:00 of 1st period - Goal by Markus Granlund - Atomiques : 0 - Carnivores : 2.
12:01 of 1st period - Marc-André Cliche wins face-off versus Zack Smith in neutral zone.
12:06 of 1st period - Snap shot by Dwight King.
12:06 of 1st period - Stopped by Antti Raanta without a rebound.
12:07 of 1st period - Zack Smith wins face-off versus Marc-André Cliche in Carnivores zone.
12:07 of 1st period - Zack Smith is hit by Steve McCarthy.
13:19 of 1st period - Snap shot by Marc-André Cliche.
13:19 of 1st period - Stopped by Antti Raanta without a rebound.
13:20 of 1st period - Scott Laughton wins face-off versus Tyler Brenner in Carnivores zone.
14:10 of 1st period - Snap shot by Andreas Engqvist.
14:10 of 1st period - Stopped by Antti Raanta without a rebound.
14:11 of 1st period - Chris Lawrence wins face-off versus Tyler Brenner in Carnivores zone.
14:20 of 1st period - Snap shot by Corey Tropp.
14:20 of 1st period - Shot Misses the Net.
14:38 of 1st period - Wrist shot by Andrew Kozek.
14:38 of 1st period - Deflect By Brendan Gallagher.
14:38 of 1st period - Shot Misses the Net.
14:38 of 1st period - Puck is out of play.
14:39 of 1st period - Blake Geoffrion wins face-off versus Andreas Engqvist in Carnivores zone.
15:31 of 1st period - Backhand shot by Dwight King.
15:31 of 1st period - Stopped by Antti Raanta without a rebound.
15:32 of 1st period - Marc-André Cliche wins face-off versus Markus Granlund in Carnivores zone.
15:55 of 1st period - Wrist shot by Marc-André Cliche.
15:55 of 1st period - Shot Misses the Net.
15:57 of 1st period - Slapshot by Jonas Junland.
15:57 of 1st period - Deflect By Marc-André Cliche.
15:57 of 1st period - Stopped by Antti Raanta without a rebound.
15:58 of 1st period - Zack Smith wins face-off versus Tyler Brenner in Carnivores zone.
15:58 of 1st period - Zack Smith is hit by Brock McGinn.
16:28 of 1st period - Minor Penalty to Josh Manson for Diving.
16:29 of 1st period - Tyler Brenner wins face-off versus Scott Laughton in Carnivores zone.
16:29 of 1st period - Snap shot by Dwight King.
16:29 of 1st period - Shot Misses the Net.
16:31 of 1st period - Slapshot by Shayne Gostisbehere.
16:31 of 1st period - Goal by Shayne Gostisbehere - Atomiques : 1 - Carnivores : 2.
16:32 of 1st period - Zack Smith wins face-off versus Tyler Brenner in neutral zone.
16:41 of 1st period - Slapshot by Blake Geoffrion.
16:41 of 1st period - Stopped by Sergei Bobrovsky without a rebound.
16:42 of 1st period - Zack Smith wins face-off versus Tyler Brenner in Atomiques zone.
17:08 of 1st period - Slapshot by Tyler Brenner.
17:08 of 1st period - Shot Blocked by Zack Smith.
17:10 of 1st period - Wrist shot by Tyler Brenner.
17:10 of 1st period - Shot Misses the Net.
17:12 of 1st period - Wrist shot by Brock McGinn.
17:12 of 1st period - Deflect By Corey Tropp.
17:12 of 1st period - Shot Blocked by Brendan Gallagher.
17:12 of 1st period - Puck is out of play.
17:13 of 1st period - Marc-André Cliche wins face-off versus Scott Laughton in Carnivores zone.
18:06 of 1st period - Wrist shot by Steve McCarthy.
18:06 of 1st period - Shot Blocked by Bobby Sanguinetti.
18:08 of 1st period - Wrist shot by Corey Tropp.
18:08 of 1st period - Goal by Corey Tropp - Atomiques : 2 - Carnivores : 2.
18:09 of 1st period - Marc-André Cliche wins face-off versus Zack Smith in neutral zone.
18:52 of 1st period - Off-side.
18:53 of 1st period - Mark MacMillan wins face-off versus Andreas Engqvist in neutral zone.
18:58 of 1st period - Snap shot by Mark Jankowski.
18:58 of 1st period - Shot Blocked by Andreas Engqvist.
19:00 of 1st period - Snap shot by Sasha Pokulok.
19:00 of 1st period - Deflect By Davis Drewiske.
19:00 of 1st period - Stopped by Sergei Bobrovsky without a rebound.
19:01 of 1st period - Marc-André Cliche wins face-off versus Zack Smith in Atomiques zone.
19:07 of 1st period - Off-side.
19:08 of 1st period - Zack Smith wins face-off versus Marc-André Cliche in neutral zone.
19:54 of 1st period - Adam Pelech is hit by Brett Sutter and loses puck.
Goals for this period are 2 for Atomiques vs 2 for Carnivores.
Shots for this period are 10 for Atomiques vs 11 for Carnivores.
2nd period
0:01 of 2nd period - Tyler Brenner wins face-off versus Zack Smith in neutral zone.
0:28 of 2nd period - Backhand shot by Sasha Pokulok.
0:28 of 2nd period - Shot Blocked by Kyle Wharton.
1:18 of 2nd period - Wrist shot by Marc-André Cliche.
1:18 of 2nd period - Goal by Marc-André Cliche - Atomiques : 3 - Carnivores : 2.
1:19 of 2nd period - Zack Smith wins face-off versus Marc-André Cliche in neutral zone.
1:34 of 2nd period - Icing by Dwight King.
1:35 of 2nd period - Scott Laughton wins face-off versus Marc-André Cliche in Atomiques zone.
2:09 of 2nd period - Wrist shot by Dwight King.
2:09 of 2nd period - Shot Misses the Net.
2:11 of 2nd period - Slapshot by Steve McCarthy.
2:11 of 2nd period - Stopped by Antti Raanta without a rebound.
2:12 of 2nd period - Tyler Brenner wins face-off versus Zack Smith in Carnivores zone.
3:09 of 2nd period - Minor Penalty to Mark McNeill for High sticking.
3:10 of 2nd period - Tyler Brenner wins face-off versus Scott Laughton in Carnivores zone.
3:10 of 2nd period - Wrist shot by Dwight King.
3:10 of 2nd period - Stopped by Antti Raanta without a rebound.
3:11 of 2nd period - Scott Laughton wins face-off versus Tyler Brenner in Carnivores zone.
3:29 of 2nd period - Icing by Tyler Brenner.
3:30 of 2nd period - Scott Laughton wins face-off versus Tyler Brenner in Atomiques zone.
3:51 of 2nd period - Nate Schmidt is hit by Bobby Farnham and loses puck.
4:04 of 2nd period - Slapshot by Kenndal McArdle.
4:04 of 2nd period - Stopped by Antti Raanta with a rebound.
5:09 of 2nd period - Penalty to Mark McNeill is over, Mark McNeill is back on ice.
5:17 of 2nd period - Josh Manson is hit by Andreas Engqvist and loses puck.
6:54 of 2nd period - Wrist shot by Chris Lawrence.
6:54 of 2nd period - Shot Blocked by Colby Cohen.
6:58 of 2nd period - Wrist shot by Chris Lawrence.
6:58 of 2nd period - Stopped by Sergei Bobrovsky without a rebound.
6:59 of 2nd period - Brett Sutter wins face-off versus Scott Laughton in Atomiques zone.
6:59 of 2nd period - Brett Sutter is hit by Scott Laughton.
7:26 of 2nd period - Frederic St-Denis is hit by Tyler Brenner and loses puck.
7:36 of 2nd period - Icing by Kyle Wharton.
7:37 of 2nd period - Zack Smith wins face-off versus Tyler Brenner in Atomiques zone.
7:42 of 2nd period - Snap shot by Blake Geoffrion.
7:42 of 2nd period - Stopped by Sergei Bobrovsky with a rebound.
8:14 of 2nd period - Wrist shot by Corey Tropp.
8:14 of 2nd period - Shot Blocked by David Schlemko.
8:18 of 2nd period - Snap shot by Tyler Brenner.
8:18 of 2nd period - Stopped by Antti Raanta with a rebound.
8:20 of 2nd period - Slapshot by Jonas Junland.
8:20 of 2nd period - Stopped by Antti Raanta with a rebound.
8:22 of 2nd period - Slapshot by Jonas Junland.
8:22 of 2nd period - Shot Misses the Net.
8:24 of 2nd period - Slapshot by Kyle Wharton.
8:24 of 2nd period - Stopped by Antti Raanta with a rebound.
8:33 of 2nd period - Minor Penalty to Zack Smith for Elbowing.
8:34 of 2nd period - Marc-André Cliche wins face-off versus Scott Laughton in Carnivores zone.
8:34 of 2nd period - Wrist shot by Shayne Gostisbehere.
8:34 of 2nd period - Deflect By Bobby Farnham.
8:34 of 2nd period - Stopped by Antti Raanta with a rebound.
8:36 of 2nd period - Wrist shot by Marc-André Cliche.
8:36 of 2nd period - Shot Misses the Net.
8:38 of 2nd period - Wrist shot by Marc-André Cliche.
8:38 of 2nd period - Stopped by Antti Raanta with a rebound.
8:42 of 2nd period - Slapshot by Steve McCarthy.
8:42 of 2nd period - Shot Misses the Net.
10:33 of 2nd period - Penalty to Zack Smith is over, Zack Smith is back on ice.
11:56 of 2nd period - Slapshot by Sasha Pokulok.
11:56 of 2nd period - Stopped by Sergei Bobrovsky without a rebound.
11:57 of 2nd period - Andreas Engqvist wins face-off versus Scott Laughton in Atomiques zone.
12:16 of 2nd period - Snap shot by Brett Sutter.
12:16 of 2nd period - Shot Blocked by Scott Laughton.
12:18 of 2nd period - Wrist shot by Kenndal McArdle.
12:18 of 2nd period - Stopped by Antti Raanta with a rebound.
12:59 of 2nd period - Snap shot by Nicolas Kerdiles.
12:59 of 2nd period - Goal by Nicolas Kerdiles - Atomiques : 3 - Carnivores : 3.
13:00 of 2nd period - Brendan Gallagher wins face-off versus Tyler Brenner in neutral zone.
13:09 of 2nd period - Snap shot by Brendan Gallagher.
13:09 of 2nd period - Stopped by Sergei Bobrovsky without a rebound.
13:10 of 2nd period - Zack Smith wins face-off versus Tyler Brenner in Atomiques zone.
13:17 of 2nd period - Snap shot by Blake Geoffrion.
13:17 of 2nd period - Shot Misses the Net.
13:33 of 2nd period - Slapshot by Sasha Pokulok.
13:33 of 2nd period - Stopped by Sergei Bobrovsky without a rebound.
13:34 of 2nd period - Jeremy Welsh wins face-off versus Marc-André Cliche in Atomiques zone.
13:41 of 2nd period - Slapshot by Jeremy Welsh.
13:41 of 2nd period - Shot Misses the Net.
13:43 of 2nd period - Slapshot by Scott Laughton.
13:43 of 2nd period - Deflect By Bobby Farnham.
13:43 of 2nd period - Shot Misses the Net.
13:43 of 2nd period - Puck is out of play.
13:44 of 2nd period - Jeremy Welsh wins face-off versus Marc-André Cliche in Atomiques zone.
13:45 of 2nd period - Slapshot by Chris Lawrence.
13:45 of 2nd period - Shot Misses the Net.
13:47 of 2nd period - Wrist shot by Jeremy Welsh.
13:47 of 2nd period - Goal by Jeremy Welsh - Atomiques : 3 - Carnivores : 4.
13:48 of 2nd period - Zack Smith wins face-off versus Marc-André Cliche in neutral zone.
14:01 of 2nd period - Wrist shot by Brendan Gallagher.
14:01 of 2nd period - Stopped by Sergei Bobrovsky without a rebound.
14:02 of 2nd period - Tyler Brenner wins face-off versus Scott Laughton in Atomiques zone.
14:02 of 2nd period - Tyler Brenner is hit by Adam Pelech.
14:16 of 2nd period - Slapshot by Tyler Brenner.
14:16 of 2nd period - Stopped by Antti Raanta with a rebound.
14:18 of 2nd period - Wrist shot by Brock McGinn.
14:18 of 2nd period - Goal by Brock McGinn - Atomiques : 4 - Carnivores : 4.
14:19 of 2nd period - Brendan Gallagher wins face-off versus Marc-André Cliche in neutral zone.
14:22 of 2nd period - Snap shot by Brendan Gallagher.
14:22 of 2nd period - Shot Misses the Net.
14:30 of 2nd period - Snap shot by Brendan Gallagher.
14:30 of 2nd period - Stopped by Sergei Bobrovsky without a rebound.
14:31 of 2nd period - Brendan Gallagher wins face-off versus Tyler Brenner in Atomiques zone.
15:19 of 2nd period - Wrist shot by Brett Sutter.
15:19 of 2nd period - Goal by Brett Sutter - Atomiques : 5 - Carnivores : 4.
15:20 of 2nd period - Zack Smith wins face-off versus Tyler Brenner in neutral zone.
15:36 of 2nd period - Wrist shot by Tyler Brenner.
15:36 of 2nd period - Shot Misses the Net.
15:46 of 2nd period - Jonas Junland is hit by Scott Laughton and loses puck.
16:36 of 2nd period - Steve McCarthy is hit by David Schlemko and loses puck.
16:53 of 2nd period - Nate Schmidt is hit by Tyler Brenner and loses puck.
16:58 of 2nd period - Backhand shot by Corey Tropp.
16:58 of 2nd period - Stopped by Antti Raanta without a rebound.
16:59 of 2nd period - Zack Smith wins face-off versus Tyler Brenner in Carnivores zone.
17:13 of 2nd period - Slapshot by Bobby Sanguinetti.
17:13 of 2nd period - Stopped by Sergei Bobrovsky with a rebound.
17:32 of 2nd period - Wrist shot by Bobby Farnham.
17:32 of 2nd period - Stopped by Antti Raanta without a rebound.
17:33 of 2nd period - Marc-André Cliche wins face-off versus Chris Lawrence in Carnivores zone.
17:36 of 2nd period - Snap shot by Dwight King.
17:36 of 2nd period - Stopped by Antti Raanta without a rebound.
17:37 of 2nd period - Dwight King wins face-off versus Scott Laughton in Carnivores zone.
17:38 of 2nd period - Snap shot by Marc-André Cliche.
17:38 of 2nd period - Stopped by Antti Raanta without a rebound.
17:39 of 2nd period - Marc-André Cliche wins face-off versus Scott Laughton in Carnivores zone.
17:40 of 2nd period - Snap shot by Dwight King.
17:40 of 2nd period - Stopped by Antti Raanta with a rebound.
17:42 of 2nd period - Snap shot by Dwight King.
17:42 of 2nd period - Shot Misses the Net.
17:54 of 2nd period - Backhand shot by Shayne Gostisbehere.
17:54 of 2nd period - Stopped by Antti Raanta without a rebound.
17:55 of 2nd period - Tyler Brenner wins face-off versus Zack Smith in Carnivores zone.
17:59 of 2nd period - Minor Penalty to Nate Schmidt for Holding.
18:00 of 2nd period - Tyler Brenner wins face-off versus Scott Laughton in Carnivores zone.
18:12 of 2nd period - Snap shot by Brendan Gallagher.
18:12 of 2nd period - Stopped by Sergei Bobrovsky without a rebound.
18:13 of 2nd period - Scott Laughton wins face-off versus Tyler Brenner in Atomiques zone.
19:04 of 2nd period - Tyler Brenner is hit by Mark Jankowski and loses puck.
19:53 of 2nd period - David Schlemko is hit by Bobby Farnham and loses puck.
19:59 of 2nd period - Penalty to Nate Schmidt is over, Nate Schmidt is back on ice.
Goals for this period are 3 for Atomiques vs 2 for Carnivores.
Shots for this period are 19 for Atomiques vs 11 for Carnivores.
3rd period
0:01 of 3rd period - Zack Smith wins face-off versus Tyler Brenner in neutral zone.
0:10 of 3rd period - Snap shot by Tyler Brenner.
0:10 of 3rd period - Stopped by Antti Raanta without a rebound.
0:11 of 3rd period - Zack Smith wins face-off versus Tyler Brenner in Carnivores zone.
0:11 of 3rd period - Zack Smith is hit by Brock McGinn.
0:19 of 3rd period - Slapshot by Corey Tropp.
0:19 of 3rd period - Stopped by Antti Raanta with a rebound.
0:33 of 3rd period - Minor Penalty to Brock McGinn for Hooking.
0:34 of 3rd period - Zack Smith wins face-off versus Tyler Brenner in Atomiques zone.
0:43 of 3rd period - Snap shot by Blake Geoffrion.
0:43 of 3rd period - Shot Misses the Net.
1:07 of 3rd period - Wrist shot by Nicolas Kerdiles.
1:07 of 3rd period - Stopped by Sergei Bobrovsky without a rebound.
1:08 of 3rd period - Tyler Brenner wins face-off versus Scott Laughton in Atomiques zone.
1:47 of 3rd period - Slapshot by Nate Schmidt.
1:47 of 3rd period - Deflect By Scott Laughton.
1:47 of 3rd period - Goal by Scott Laughton - Atomiques : 5 - Carnivores : 5.
1:48 of 3rd period - Brett Sutter wins face-off versus Zack Smith in neutral zone.
2:19 of 3rd period - Snap shot by Jeremy Welsh.
2:19 of 3rd period - Deflect By Scott Laughton.
2:19 of 3rd period - Shot Blocked by Shayne Gostisbehere.
2:19 of 3rd period - Puck is out of play.
2:20 of 3rd period - Tyler Brenner wins face-off versus Chris Lawrence in Atomiques zone.
2:46 of 3rd period - David Schlemko is hit by Dwight King and loses puck.
2:51 of 3rd period - Snap shot by Dwight King.
2:51 of 3rd period - Stopped by Antti Raanta without a rebound.
2:52 of 3rd period - Zack Smith wins face-off versus Marc-André Cliche in Carnivores zone.
3:03 of 3rd period - Blake Geoffrion is hit by Davis Drewiske and loses puck.
3:12 of 3rd period - Wrist shot by Marc-André Cliche.
3:12 of 3rd period - Goal by Marc-André Cliche - Atomiques : 6 - Carnivores : 5.
3:13 of 3rd period - Zack Smith wins face-off versus Tyler Brenner in neutral zone.
3:13 of 3rd period - Zack Smith is hit by Steve McCarthy.
3:16 of 3rd period - Off-side.
3:17 of 3rd period - Zack Smith wins face-off versus Tyler Brenner in neutral zone.
3:22 of 3rd period - Wrist shot by Brendan Gallagher.
3:22 of 3rd period - Shot Misses the Net.
3:42 of 3rd period - Slapshot by Steve McCarthy.
3:42 of 3rd period - Deflect By Dwight King.
3:42 of 3rd period - Shot Blocked by Chris Lawrence.
3:42 of 3rd period - Puck is out of play.
3:43 of 3rd period - Marc-André Cliche wins face-off versus Scott Laughton in Carnivores zone.
4:10 of 3rd period - Tyler Brenner is hit by David Schlemko.
4:53 of 3rd period - Off-side.
4:54 of 3rd period - Marc-André Cliche wins face-off versus Mark Jankowski in neutral zone.
5:05 of 3rd period - Slapshot by Mark Jankowski.
5:05 of 3rd period - Stopped by Sergei Bobrovsky with a rebound.
5:07 of 3rd period - Snap shot by Mark Jankowski.
5:07 of 3rd period - Shot Misses the Net.
5:23 of 3rd period - Wrist shot by Chris Lawrence.
5:23 of 3rd period - Stopped by Sergei Bobrovsky without a rebound.
5:24 of 3rd period - Scott Laughton wins face-off versus Tyler Brenner in Atomiques zone.
5:27 of 3rd period - Snap shot by Scott Laughton.
5:27 of 3rd period - Goal by Scott Laughton - Atomiques : 6 - Carnivores : 6.
5:28 of 3rd period - Zack Smith wins face-off versus Tyler Brenner in neutral zone.
5:37 of 3rd period - Wrist shot by Blake Geoffrion.
5:37 of 3rd period - Shot Blocked by Brock McGinn.
5:39 of 3rd period - Slapshot by David Schlemko.
5:39 of 3rd period - Shot Blocked by Shayne Gostisbehere.
5:41 of 3rd period - Snap shot by Zack Smith.
5:41 of 3rd period - Stopped by Sergei Bobrovsky with a rebound.
5:43 of 3rd period - Snap shot by Blake Geoffrion.
5:43 of 3rd period - Stopped by Sergei Bobrovsky with a rebound.
6:18 of 3rd period - Snap shot by Kenndal McArdle.
6:18 of 3rd period - Shot Misses the Net.
6:20 of 3rd period - Wrist shot by Brett Sutter.
6:20 of 3rd period - Shot Blocked by Mark McNeill.
6:28 of 3rd period - Double Minor Penalty to Nicolas Kerdiles for Slashing.
6:29 of 3rd period - Tyler Brenner wins face-off versus Scott Laughton in Carnivores zone.
6:30 of 3rd period - Snap shot by Dwight King.
6:30 of 3rd period - Shot Misses the Net.
6:32 of 3rd period - Snap shot by Corey Tropp.
6:32 of 3rd period - Stopped by Antti Raanta without a rebound.
6:33 of 3rd period - Brendan Gallagher wins face-off versus Tyler Brenner in Carnivores zone.
6:44 of 3rd period - Snap shot by Dwight King.
6:44 of 3rd period - Shot Misses the Net.
7:11 of 3rd period - Icing by Bobby Farnham.
7:12 of 3rd period - Marc-André Cliche wins face-off versus Zack Smith in Atomiques zone.
7:19 of 3rd period - Wrist shot by Marc-André Cliche.
7:19 of 3rd period - Shot Misses the Net.
7:40 of 3rd period - Off-side.
7:41 of 3rd period - Brendan Gallagher wins face-off versus Tyler Brenner in neutral zone.
7:44 of 3rd period - Corey Tropp is hit by Nate Schmidt.
9:13 of 3rd period - Shayne Gostisbehere is hit by Sasha Pokulok and loses puck.
9:20 of 3rd period - Brendan Gallagher is hit by Corey Tropp and loses puck.
9:58 of 3rd period - David Schlemko is hit by Brett Sutter and loses puck.
10:28 of 3rd period - Penalty to Nicolas Kerdiles is over, Nicolas Kerdiles is back on ice.
11:14 of 3rd period - Frederic St-Denis is hit by Corey Tropp and loses puck.
11:27 of 3rd period - Wrist shot by Nicolas Kerdiles.
11:27 of 3rd period - Deflect By Markus Granlund.
11:27 of 3rd period - Stopped by Sergei Bobrovsky with a rebound.
11:55 of 3rd period - Mitch Callahan is hit by Markus Granlund.
13:54 of 3rd period - Mark Jankowski is hit by Brett Sutter and loses puck.
15:01 of 3rd period - Kyle Wharton is hit by Scott Laughton and loses puck.
15:09 of 3rd period - Icing by Chris Lawrence.
15:10 of 3rd period - Brett Sutter wins face-off versus Scott Laughton in Carnivores zone.
15:11 of 3rd period - Backhand shot by Steve McCarthy.
15:11 of 3rd period - Stopped by Antti Raanta without a rebound.
15:12 of 3rd period - Brett Sutter wins face-off versus Scott Laughton in Carnivores zone.
15:21 of 3rd period - Kenndal McArdle is hit by Scott Laughton and loses puck.
15:29 of 3rd period - Icing by Shayne Gostisbehere.
15:30 of 3rd period - Brett Sutter wins face-off versus Markus Granlund in Atomiques zone.
16:00 of 3rd period - Slapshot by Nate Schmidt.
16:00 of 3rd period - Stopped by Sergei Bobrovsky with a rebound.
16:28 of 3rd period - Snap shot by Mark Jankowski.
16:28 of 3rd period - Stopped by Sergei Bobrovsky with a rebound.
16:47 of 3rd period - Kyle Wharton is hit by Jeremy Welsh and loses puck.
17:40 of 3rd period - Wrist shot by Markus Granlund.
17:40 of 3rd period - Shot Misses the Net.
17:42 of 3rd period - Wrist shot by Markus Granlund.
17:42 of 3rd period - Shot Blocked by Kenndal McArdle.
17:44 of 3rd period - Snap shot by Nicolas Kerdiles.
17:44 of 3rd period - Shot Blocked by Kenndal McArdle.
17:46 of 3rd period - Wrist shot by Markus Granlund.
17:46 of 3rd period - Shot Misses the Net.
18:03 of 3rd period - Minor Penalty to Corey Tropp for Goalie Interference.
18:04 of 3rd period - Zack Smith wins face-off versus Tyler Brenner in Atomiques zone.
18:41 of 3rd period - Slapshot by Davis Drewiske.
18:41 of 3rd period - Shot Misses the Net.
Goals for this period are 1 for Atomiques vs 2 for Carnivores.
Shots for this period are 6 for Atomiques vs 10 for Carnivores.
Overtime #1
0:01 of 1st overtime period - Zack Smith wins face-off versus Tyler Brenner in neutral zone.
0:03 of 1st overtime period - Penalty to Corey Tropp is over, Corey Tropp is back on ice.
0:17 of 1st overtime period - Zack Smith is hit by Corey Tropp and loses puck.
0:42 of 1st overtime period - Slapshot by Nate Schmidt.
0:42 of 1st overtime period - Shot Blocked by Kyle Wharton.
0:46 of 1st overtime period - Snap shot by Chris Lawrence.
0:46 of 1st overtime period - Shot Blocked by Andrew Kozek.
0:48 of 1st overtime period - Slapshot by Nate Schmidt.
0:48 of 1st overtime period - Shot Blocked by Andrew Kozek.
0:50 of 1st overtime period - Slapshot by Adam Pelech.
0:50 of 1st overtime period - Shot Blocked by Dwight King.
0:52 of 1st overtime period - Wrist shot by Scott Laughton.
0:52 of 1st overtime period - Shot Misses the Net.
1:52 of 1st overtime period - Adam Pelech is hit by Brett Sutter and loses puck.
2:35 of 1st overtime period - David Schlemko is hit by Steve McCarthy.
2:39 of 1st overtime period - Dwight King is hit by Bobby Sanguinetti and loses puck.
2:54 of 1st overtime period - Snap shot by Kenndal McArdle.
2:54 of 1st overtime period - Stopped by Antti Raanta without a rebound.
2:55 of 1st overtime period - Chris Lawrence wins face-off versus Kenndal McArdle in Carnivores zone.
3:03 of 1st overtime period - Minor Penalty to Davis Drewiske for Holding.
3:04 of 1st overtime period - Tyler Brenner wins face-off versus Zack Smith in Atomiques zone.
3:41 of 1st overtime period - Snap shot by Andreas Engqvist.
3:41 of 1st overtime period - Goal by Andreas Engqvist - Atomiques : 7 - Carnivores : 6.
Goals for this period are 1 for Atomiques vs 0 for Carnivores.
Shots for this period are 2 for Atomiques vs 0 for Carnivores.
Back to the Top